 Dungeon Crawl Stone Soup version 0.27-a0-780-geb8d7bc690 (webtiles) character file.

Game seed: 12801400532961593051

32 EnegeticOcto the Insei (level 3, 0/28 HPs)
             Began as a Djinni Warper on Mar 26, 2021.
             Slain by a jackal (1 damage)
             ... on level 2 of the Dungeon.
             The game lasted 00:03:11 (676 turns).

EnegeticOcto the Insei (Djinni Warper)               Turns: 676, Time: 00:03:12

Health: 0/28       AC:  3    Str: 10    XL:     3   Next: 27%
Gold:   32         EV: 11    Int: 15    God:
                   SH:  5    Dex: 12

rFire    + + .     SeeInvis .     - Unarmed
rCold    x . .     Faith    .   (no shield)
rNeg     . . .     Spirit   .   a - +0 leather armour
rPois    ∞         Reflect  +   (no helmet)
rElec    .         Harm     .   (no cloak)
rCorr    .         Rampage  .   (no gloves)
Will     .....                  (boots unavailable)
Stlth    +.........             b - amulet of reflection
HPRegen  0.09/turn              (no ring)
MPRegen  0.00/turn              (no ring)

@: attractive, flying
A: fire resistance 2, cold vulnerability 1, float, innate caster, hp casting,
extra vitality 1
a: no special abilities


You were on level 2 of the Dungeon.
You visited 1 branch of the dungeon, and saw 2 of its levels.

You collected 32 gold pieces.

Inventory:

Missiles
 d - 5 boomerangs of dispersal (quivered)
Armour
 a - a +0 leather armour (worn)
Jewellery
 b - an amulet of reflection (around neck)
   (You found it on level 1 of the Dungeon)
 f - a ring of protection from fire
   (You found it on level 2 of the Dungeon)
Scrolls
 c - a scroll of blinking {@r4}


   Skills:
 - Level 2.0 Fighting
 - Level 0.7 Throwing
 - Level 1.0 Armour
 - Level 2.1 Dodging
 + Level 3.6 Unarmed Combat
 - Level 2.6 Spellcasting


You couldn't memorise any spells.
You knew the following spells:

 Your Spells              Type           Power      Damage    Failure   Level
a - Sandblast             Erth           20%        2d7       10%         1
b - Gell's Gravitas       Tloc           5%         N/A       28%         3
c - Teleport Other        Tloc           10%        N/A       28%         3
d - Manifold Assault      Tloc           10%        N/A       95%         5
e - Lesser Beckoning      Tloc           5%         N/A       28%         3
Y - Blink                 Tloc           N/A        N/A       14%         2
Your spell library was empty.

Dungeon Overview and Level Annotations

Branches:
Dungeon (2/15)

Altars:
Nemelex Xobeh
Trog


Innate Abilities, Weirdness & Mutations

You are immune to poison.
Your flesh is very heat resistant. (rF++)
You are vulnerable to cold. (rC-)
You float through the air rather than walking.
You learn spells naturally, not from books.
Your magical power is your life essence.
You have superior vitality. (+4 HP)


Message History

Found a brass ring and 10 gold pieces.
There is an open door here.
The endoplasm quivers.
The kobold shouts!
The kobold throws a stone.
The stone misses you.
The kobold throws a stone.
The stone hits you but does no damage.
There is an open door here.
The kobold throws a stone.
The stone misses you.
You see here a ring of protection from fire.
f - a ring of protection from fire The endoplasm freezes you.
You are frozen.
There is an open door here.
The kobold hits you but does no damage. x2
The endoplasm jiggles.
An orc comes into view. It is wielding a +0 dagger.
The kobold throws a stone.
The stone hits you but does no damage.
The orc shouts!
You hear a bark! x3
Found a lumpy black potion.
The kobold throws a stone.
You reflect the stone off an invisible shield around you!
The stone closely misses the kobold.
The stone hits the kobold but does no damage.
Found a leather armour.
A jackal comes into view.
The jackal barks!
You hear a bark!
The orc closely misses you.
A jackal comes into view.
The jackal barks!
A rat comes into view.
The orc hits you but does no damage.
A frilled lizard comes into view.
A jackal comes into view.
The frilled lizard hisses angrily.
A kobold comes into view. It is wielding a +0 short sword.
A jackal comes into view.
An endoplasm comes into view.
The rat bites you but does no damage.
The frilled lizard hisses.
The jackal closely misses you. x2; The kobold moves out of view.
The endoplasm quivers.
The rat twitches its whiskers.
The jackal barks!
The frilled lizard bites you but does no damage.
Found a scroll labelled HOONEVU BEHEIH.
You block the jackal's attack.
Found a scroll labelled CUNEOL PYT.
Found a stone staircase leading up.
A bat comes into view.
Found a pair of gloves.
The bat misses you. The frilled lizard bites you. The bat hits you.
* * * LOW HITPOINT WARNING * * *
You block the bat's attack. The jackal bites you.
* * * LOW HITPOINT WARNING * * *
The bat hits you but does no damage. The bat closely misses you.
The bat hits you but does no damage. The bat misses you.
The bat barely misses you. The bat hits you but does no damage.
The bat completely misses you.
Found a stone staircase leading up.
The bat barely misses you. You block the jackal's attack. x2
The bat hits you but does no damage. You block the jackal's attack.
You block the bat's attack. You block the bat's attack. The jackal bites you.
* * * LOW HITPOINT WARNING * * *
The bat hits you but does no damage.
The jackal bites you but does no damage.
The bat completely misses you. The bat completely misses you.
The bat barely misses you. The bat hits you but does no damage.
You block the bat's attack. The bat hits you but does no damage.
The bat hits you.
* * * LOW HITPOINT WARNING * * *
You block the bat's attack. The bat hits you but does no damage.
The jackal stops to sniff the ground.
Okay, then.
It was a potion of attraction.
You feel attractive to monsters. The bat misses you. The bat hits you.
* * * LOW HITPOINT WARNING * * *
You closely miss the bat. The bat misses you.
You hit the bat.
You kill the bat!
The jackal bites you.
* * * LOW HITPOINT WARNING * * *
You barely miss the jackal. The jackal barely misses you.
You hit the jackal but do no damage. The jackal barely misses you.
You hit the jackal.
The jackal is moderately wounded.
The jackal bites you.
* * * LOW HITPOINT WARNING * * *
You hit the jackal but do no damage.
The jackal is moderately wounded.
The jackal bites you but does no damage.
You closely miss the jackal.
The jackal is moderately wounded.
The jackal bites you.
* * * LOW HITPOINT WARNING * * *
You closely miss the jackal.
The jackal is moderately wounded.
The jackal bites you.
You die...

......<.....###
......#.......#
......##KK....####
#.....##.J.##.....
#.....##......####
#.....J..rh####
####### . ..###....#
....... ..
...<...J######.......
.......KJhohh@.......
######..Klrh##.......
######## .......
#######


You could see an orc, 2 endoplasms, 4 jackals, 2 kobolds, a frilled lizard and a
rat.

Vanquished Creatures
  2 ball pythons
  A bat (D:2)
  2 endoplasms
  3 giant cockroaches
  9 goblins
  2 hobgoblins
  3 jackals (D:1)
  A quokka (D:2)
  2 frilled lizards
  A kobold (D:1)
  2 rats
28 creatures vanquished.

Notes
Turn   | Place    | Note
-------+----------+-------------------------------------------
     0 | D:1      | EnegeticOcto the Djinni Warper began the quest for the Orb.
     0 | D:1      | Reached XP level 1. HP: 18/18 MP: 0/0
    92 | D:1      | Reached XP level 2. HP: 10/23 MP: 0/0
   121 | D:1      | You are sucked into a shaft and drop 1 floor!
   128 | D:2      | Found a sparkling altar of Nemelex Xobeh.
   138 | D:2      | Found a bloodstained altar of Trog.
   238 | D:2      | Reached skill level 3 in Unarmed Combat
   292 | D:2      | HP: 1/23 [hobgoblin (1)]
   501 | D:1      | Reached XP level 3. HP: 16/28 MP: 0/0
   501 | D:1      | Learned a level 1 spell: Sandblast
   675 | D:2      | HP: 1/28 [jackal (3)]
   676 | D:2      | Slain by a jackal

Illustrated notes

Levels and vault maps discovered:
D:1:      minmay_arrival_three_doors, layout_basic, minivault_27
D:2:      layout_rooms, pdpol_temple_overflow_zin_treasury_gozag_greed,
          minitemple, minmay_divided_ellipse

Skill      XL: |  1  2 |
---------------+-------+-----
Unarmed Combat | 3 |  3.6
Fighting       | |  2.0
Throwing       | |  0.7
Armour         | |  1.0
Dodging        | |  2.1
Spellcasting   | |  2.6

Action                   || total
-------------------------++-------
Melee: Unarmed           ||   106
       Punch             ||     2
  Use: Potion            ||     2
Armor: Leather armour    ||    38
Dodge: Dodged            ||    74
Block: Other             ||    11
       Reflection        ||     1

Table legend: (Time is in decaauts)
 A = Elapsed time spent in this place.
 B = Non-inter-level travel time spent in this place.
 C = Inter-level travel time spent in this place.
 D = Time resting spent in this place.
 E = Time spent auto-exploring this place.
 F = Levels seen in this place.
 G = Mean time per level.
                   A        B        C        D        E       F      G
               +--------+--------+--------+--------+--------+-----+--------+
         Total |    743 |    743 |      0 |      0 |      0 |   2 |  371.5 |
       Dungeon |    743 |    743 |      0 |      0 |      0 |   2 |  371.5 |
               +--------+--------+--------+--------+--------+-----+--------+

Top non-repeatable levels by time:
     D:2: 505 daAuts
     D:1: 238 daAuts
